 Dungeon Crawl Stone Soup version 0.19.0-26-g9e9c210 (console) character file.

140 vonhedlund the Conjurer (level 5, 0/38 HPs)
             Began as a Draconian Conjurer on Nov 22, 2016.
             Slain by an adder (2 damage)
             ... on level 4 of the Dungeon on Nov 23, 2016.
             The game lasted 00:21:35 (2769 turns).

vonhedlund the Conjurer (Draconian Conjurer)        Turns: 2769, Time: 00:21:36

Health: 0/38       AC:  7    Str: 11    XL:     5   Next: 2%
Magic:  5/10       EV: 12    Int: 16    God:
Gold:   91         SH:  0    Dex: 11    Spells: 2 memorised, 9 levels left

rFire  . . .     SeeInvis .     f - +0 short sword
rCold  . . .     Gourm    .     (armour unavailable)
rNeg   . . .     Faith    .     (no shield)
rPois  .         Spirit   .     (helmet restricted)
rElec  .         Reflect  .     u - +0 cloak
rCorr  .         Harm     .     (no gloves)
MR     .....                    j - +0 pair of boots
Stlth  ++........               (no amulet)
                                (no ring)
                                (no ring)

@: no status effects
A: unfitting armour, stinger 1, low mp 1, wild magic 1, cold-blooded, AC +5
a: no special abilities


You were on level 4 of the Dungeon.
You were not hungry.

You visited 1 branch of the dungeon, and saw 4 of its levels.

You collected 91 gold pieces.

Inventory:

Hand Weapons
 e - a +0 long sword
 f - a +0 short sword (weapon)
 g - a +0 dagger
 i - a +0 hunting sling
Missiles
 c - 16 poisoned needles
 E - 21 sling bullets
 G - 22 bolts
Armour
 j - a +0 pair of boots (worn)
 u - a +0 cloak (worn)
Jewellery
 q - an uncursed amulet of the gourmand {unknown}
Scrolls
 l - a scroll of teleportation {unknown}
 m - a scroll of random uselessness {unknown}
 n - 2 scrolls of fear {unknown}
 r - a scroll of blinking {unknown}
 t - 2 scrolls of magic mapping {unknown}
 v - a scroll of immolation {unknown}
 w - 2 scrolls of identify {unknown}
 y - a scroll of amnesia {unknown}
 B - a scroll of fog {unknown}
 D - a scroll of noise {unknown}
Potions
 h - a potion of might {unknown}
 o - a potion of berserk rage {unknown}
 p - a potion of cure mutation {unknown}
 x - 4 potions of mutation
 A - a potion of invisibility {unknown}
 C - a potion of resistance {unknown}
 F - a potion of agility {unknown}
Books
 a - a book of Conjurations

   Spells                             Type                      Level
   a - Magic Dart                     Conjuration                  1
   b - Searing Ray                    Conjuration                  2
   c - Dazzling Spray                 Conjuration/Hexes            3
   d - Fulminant Prism                Conjuration/Hexes            4
   e - Iskenderun's Mystic Blast      Conjuration                  4
   f - Iskenderun's Battlesphere      Conjuration/Charms           5
Comestibles
 b - 4 bread rations
 k - 2 beef jerkies
 s - 6 fruits
 z - a slice of pizza
 H - a chunk of flesh


   Skills:
 - Level 1.7 Dodging
 - Level 1.8 Stealth
 - Level 4.2 Spellcasting
 + Level 4.7 Conjurations


You had 9 spell levels left.
You knew the following spells:

 Your Spells              Type           Power        Failure   Level  Hunger
a - Magic Dart            Conj           ###.         4%          1    None
b - Searing Ray           Conj           ###...       8%          2    ##.....


Dungeon Overview and Level Annotations

Branches:
Dungeon (4/15)
 Temple: D:4-7

Altars:
Makhleb

Annotations:
D:4 Edmund, Menkaure


Innate Abilities, Weirdness & Mutations

Your plain brown scales are hard. (AC +5)
You cannot fit into any form of body armour.
You are cold-blooded and may be slowed by cold attacks.
Your tail ends in a poisonous barb.
Your magical capacity is low. (-10% MP)
Your spells are a little harder to cast, but a little more powerful.


Message History

* * * LOW HITPOINT WARNING * * *
You hit the jackal.
You kill the jackal!
The jackal bites you but does no damage.
You hit the jackal but do no damage. The jackal bites you.
* * * LOW HITPOINT WARNING * * *
You barely miss the jackal. The jackal misses you.
The jackal barely misses you.
You hit the jackal.
The jackal is moderately wounded.
The jackal barely misses you.
The jackal bites you but does no damage.
Casting: Searing Ray
Confirm with . or Enter, or press ? or * to list all spells.
Aiming: Searing Ray
Press: ? - help, Shift-Dir - straight line, f/p - Edmund
Aim: Edmund, wielding a dire flail of holy wrath and wearing a leather armour (severely wounded)
The searing ray hits the jackal.
You kill the jackal!
The adder bites you.
You die...

..... #...>...
#...... #......
...##.## #.....#
# #.##..##.#####
###h.........[..
#@S@s.<##.......
######## .......
....... .......
h..h..s h......
#######


You could see Edmund, an adder, a jackal and a giant cockroach.

Vanquished Creatures
  A worker ant (D:3)
  3 adders (D:2)
  An ooze (D:1)
  A worm (D:2)
  A dart slug (D:2)
  5 leopard geckos
  6 orcs
  3 giant cockroaches
  10 goblins
  7 hobgoblins
  2 jackals (D:4)
  10 kobolds
  2 ball pythons
  6 bats
  3 frilled lizards
  7 rats
68 creatures vanquished.

Notes
Turn   | Place    | Note
-------+----------+-------------------------------------------
     0 | D:1      | vonhedlund the Draconian Conjurer began the quest for the Orb.
     0 | D:1      | Reached XP level 1. HP: 14/14 MP: 3/3
   126 | D:1      | Reached XP level 2. HP: 15/20 MP: 0/5
   597 | D:1      | Reached XP level 3. HP: 26/26 MP: 7/7
   829 | D:1      | Learned a level 2 spell: Searing Ray
   946 | D:1      | Upgraded the game from 0.19.0-24-gb05acd6 to 0.19.0-26-g9e9c210
  1429 | D:2      | Reached XP level 4. HP: 33/33 MP: 5/10
  2458 | D:3      | Found a burning altar of Makhleb.
  2486 | D:4      | Noticed Edmund
  2596 | D:4      | Noticed Menkaure
  2713 | D:4      | Gained mutation: Your magical capacity is low. (-10% MP) [potion of mutation]
  2713 | D:4      | Gained mutation: Your spells are a little harder to cast, but a little more powerful. [potion of mutation]
  2713 | D:4      | Gained mutation: Your tail ends in a poisonous barb. [potion of mutation]
  2747 | D:4      | Reached XP level 5. HP: 5/38 MP: 4/10
  2766 | D:4      | HP: 1/38 [jackal (1)]
  2769 | D:4      | Slain by an adder

Skill      XL: |  1  2  3 |
---------------+----------+-----
Spellcasting   | 3 4 |  4.2
Dodging        | |  1.7
Stealth        | |  1.8
Conjurations   | |  4.7

Action                   |  1- 3 |  4- 6 || total
-------------------------+-------+-------++-------
Melee: Unarmed           |    26 |       ||    26
       Tailslap          |     7 |     9 ||    16
       Short sword       |   107 |    70 ||   177
 Cast: Magic Dart        |    30 |     6 ||    36
       Searing Ray       |     4 |     9 ||    13
  Use: Potion            |       |     2 ||     2
 Stab: Sleeping          |     1 |     1 ||     2
  Eat: Chunk             |     2 |     5 ||     7
Armor: Skin              |    64 |    73 ||   137
Dodge: Dodged            |    88 |    63 ||   151
